 Dungeon Crawl Stone Soup version 0.30-a0-1157-g2cc9ac7196 (webtiles) character file.

Game seed: 6766109853065194667

129650 BlueFish the Unseen (level 17, -10/113 HPs)
             Began as an Octopode Fighter on Apr 24, 2023.
             Was the Champion of Cheibriados.
             Killed from afar by Aizul (22 damage)
             ... with a poison arrow
             ... on level 1 of the Swamp on Apr 25, 2023.
             The game lasted 01:19:16 (25301 turns).

BlueFish the Unseen (Octopode Fighter)             Turns: 25301, Time: 01:19:17

Health: -10/113    AC: 16    Str: 36    XL:     17   Next: 6%
Magic:  17/23      EV: 31    Int: 29    God:    Cheibriados [******]
Gold:   937        SH: 20    Dex: 27    Spells: 9/24 levels left

rFire   . . .        a - +9 flail of the Whelk {venom, Will+}
rCold   + . .        b - +1 kite shield {rC+}
rNeg    . . .        C - +3 crown of Dyrovepreva {rElec Int+2 SInv}
rPois   .            T - amulet of reflection
rElec   +            j - +4 ring of protection
rCorr   +            s - ring of resist corrosion
SInv    +            t - ring of flight
Will    ++...        W - +5 ring of evasion
Stlth   ++++++++++   B - +4 ring of protection
HPRegen 0.38/turn    D - ring "Herubol" {EV+5 Stlth+}
MPRegen 0.18/turn    (no ring)
                     U - +4 ring of protection

%: reflection
@: mighty, lethally poisoned (-10 -> -30), flying, very slow
A: almost no armour, amphibious, 8 rings, camouflage 1, gelatinous body 1,
nimble swimmer 1, tentacles
a: Renounce Religion, Bend Time, Temporal Distortion, Slouch, Step From Time


You were on level 1 of the Swamp.
You worshipped Cheibriados.
Cheibriados was exalted by your worship.
You visited 5 branches of the dungeon, and saw 24 of its levels.
You also visited: Sewer, Ice Cave and Volcano.

You collected 3000 gold pieces.
You spent 2063 gold pieces at shops.

Inventory:

Hand Weapons
 a - the +9 flail of the Whelk (weapon) {venom, Will+}
   (You found it on level 5 of the Lair of Beasts)

   Will:      It increases your willpower.
 R - a +2 whip of electrocution
Missiles
 d - 118 stones (quivered)
 o - 4 atropa-tipped darts
 u - 49 poisoned darts
 y - 4 curare-tipped darts
 Q - 11 boomerangs
 Z - 2 silver javelins
Armour
 b - a +1 kite shield of cold resistance (worn)
 C - the +3 crown of Dyrovepreva (worn) {rElec Int+2 SInv}
   (You acquired it on level 7 of the Dungeon)

   Int:       It affects your intelligence (+2).
   rElec:     It insulates you from electricity.
   SInv:      It lets you see invisible.
Jewellery
 j - a +4 ring of protection (left tentacle)
 s - a ring of resist corrosion (right tentacle)
 t - a ring of flight (on tentacle)
 B - a +4 ring of protection (on tentacle)
 D - the ring "Herubol" (on tentacle) {EV+5 Stlth+}
   (You acquired it on level 7 of the Dungeon)

   [ring of evasion]

   EV:        It affects your evasion (+5).
   Stlth:     It makes you more stealthy.
 H - the amulet of Vaogg {RegenMP Will+ Str+2}
   (You acquired it on level 7 of the Dungeon)

   [amulet of magic regeneration]

   It increases your rate of magic regeneration.
   Str:       It affects your strength (+2).
   Will:      It increases your willpower.
 T - an amulet of reflection (around mantle)
 U - a +4 ring of protection (on tentacle)
 W - a +5 ring of evasion (on tentacle)
Wands
 v - a wand of roots (51)
 x - a wand of polymorph (9)
 E - a wand of quicksilver (4)
 I - a wand of paralysis (11)
 O - a wand of flame (24)
 V - a wand of mindburst (8)
 Y - a wand of digging (5)
Scrolls
 e - 5 scrolls of vulnerability
 f - 12 scrolls of teleportation
 k - a scroll of poison
 l - 6 scrolls of blinking
 m - a scroll of summoning
 q - 3 scrolls of amnesia
 r - 4 scrolls of magic mapping
 F - 3 scrolls of enchant weapon
 G - 4 scrolls of identify
 K - 5 scrolls of immolation
 M - 4 scrolls of fear
 N - 3 scrolls of fog
 S - 2 scrolls of silence
 X - 4 scrolls of enchant armour
Potions
 c - 3 potions of might
 g - 15 potions of curing
 h - 5 potions of attraction
 i - a potion of resistance
 n - 2 potions of magic
 p - 5 potions of mutation
 w - a potion of invisibility
 z - 5 potions of heal wounds
 A - 4 potions of berserk rage
 J - 5 potions of cancellation
 L - 4 potions of flight
 P - 3 potions of brilliance


   Skills:
 + Level 9.4 Fighting
 + Level 9.1 Maces & Flails
 + Level 8.6 Throwing
 + Level 9.2 Dodging
 + Level 16.5 Stealth
 + Level 9.4 Shields
 - Level 4.2 Spellcasting
 * Level 5.9 Translocations
 - Level 5.0 Transmutations
 - Level 4.7 Fire Magic
 + Level 5.0 Ice Magic
 + Level 11.6 Poison Magic
 + Level 9.0 Invocations
 + Level 9.1 Evocations


You had 9 spell levels left.
You knew the following spells:

 Your Spells              Type           Power      Damage    Failure   Level
a - Olgreb's Toxic Radia  Pois           65%        N/A       1%          4
b - Lesser Beckoning      Tloc           80%        N/A       1%          2
c - Ignite Poison         Fire/Tmut/Pois 47%        N/A       1%          3
d - Teleport Other        Tloc           40%        N/A       2%          3
e - Ozocubu's Armour      Ice            35%        N/A       3%          3

Your spell library contained the following spells:

 Spells                   Type           Power      Damage    Failure   Level
 Scorch                   Fire           66%        2d8       1%          2
 Gell's Gravitas          Tloc           40%        N/A       2%          3
 Cigotuvi's Dreadful Rot  Necr/Pois/Air  56%        N/A       3%          2
 Volatile Blastmotes      Fire/Tloc      74%        2d16      3%          3
 Ensorcelled Hibernation  Hex/Ice        40%        N/A       5%          2
 Passwall                 Tmut/Erth      16%        N/A       5%          2
 Portal Projectile        Hex/Tloc       46%        N/A       9%          3
 Vhi's Electric Charge    Tloc/Air       46%        N/A       9%          3
 Magic Dart               Conj           24%        1d4       10%         1
 Hailstorm                Conj/Ice       20%        3d6       11%         3
 Ice Form                 Ice/Tmut       35%        N/A       12%         4
 Searing Ray              Conj           12%        2d4       16%         2
 Iskenderun's Mystic Bla  Conj/Tloc      23%        2d6       28%         4
 Call Canine Familiar     Summ           6%         N/A       30%         3
 Dazzling Flash           Conj/Hex       12%        N/A       30%         3
 Swiftness                Air            6%         N/A       30%         3
 Flame Wave               Conj/Fire      19%        2d7       36%         4
 Fulminant Prism          Conj/Hex       3%         3d5       69%         4
 Leda's Liquefaction      Hex/Erth       3%         N/A       69%         4
 Freezing Cloud           Conj/Ice/Air   7%         6-21      80%         5
 Agony                    Necr           6%         N/A       95%         5
 Arcjolt                  Conj/Air       3%         1d13      95%         5
 Silence                  Hex/Air        3%         N/A       95%         5
 Simulacrum               Ice/Necr       10%        N/A       99%         6
 Starburst                Conj/Fire      9%         6d5       99%         6
 Summon Cactus Giant      Summ           3%         N/A       100%        6
 Ozocubu's Refrigeration  Ice            17%        4d11      100%        7
 Discord                  Hex            3%         N/A       100%        8
 Ignition                 Fire           16%        3d7       100%        8
 Maxwell's Capacitive Co  Air            3%         ∞         100%        8


Dungeon Overview and Level Annotations

Branches:
Dungeon (15/15)            Temple (1/1) D:4            Lair (5/5) D:11
  Swamp (1/4) Lair:2        Snake (0/4) Lair:3        Slime (0/5) Lair:4
    Orc (2/2) D:11            Elf (0/3) Orc:2        Vaults (0/5) D:14
 Depths (0/4) D:15          Sewer (visited)           IceCv (visited)
Volcano (visited)

Altars:
Ashenzari
Cheibriados
Dithmenos
Elyvilon
Fedhas
Gozag
Hepliaklqana
Kikubaaqudgha
Makhleb
Nemelex Xobeh
Okawaru
Qazlal
Ru
Sif Muna
Trog
Uskayaw
Vehumet
Wu Jian
Xom
Yredelemnul
Zin
The Shining One

Shops:
D:10 (   D:11 =   D:12 *   D:13 *   D:14 [   Orc:2 [(??

Annotations:
D:8 3 runed translucent doors, Darkkill's ghost, novice MiHu
D:15 1 runed translucent door, Nol Upoh's ghost, journeyman GrFi
Lair:1 exclusion: catoblepas
Lair:3 Nessos
Lair:5 1 runed translucent door
Swamp:1 Aizul


Innate Abilities, Weirdness & Mutations

You cannot wear most types of armour.
You are amphibious.
You can wear up to eight rings at the same time.
Your skin changes colour to match your surroundings (Stealth+).
Your rubbery body absorbs attacks. (AC +1, EV +1)
You are camouflaged when in or above water. (Stealth+)
You have tentacles for arms and can constrict up to eight enemies at once.


Message History

Aizul coils herself and waves her upper body at you.
The bolt of poison misses you.
You block the spectral spriggan air mage's attack.
The eight-headed hydra is engulfed in spectral mist.
The eight-headed hydra misses you.
The eight-headed hydra barely misses you.
The eight-headed hydra completely misses you. x2
The eight-headed hydra closely misses you.
The eight-headed hydra misses you. x2
You block the eight-headed hydra's attack.
You bludgeon Aizul!!
Aizul is severely wounded.
You feel very sick.
Aizul is engulfed in spectral mist.
Aizul coils herself and waves her upper body at you.
The bolt of poison misses you.
The ghost crab breathes spectral mist at you.
The spectral mist engulfs Aizul but does no damage.
You block the spectral spriggan air mage's attack.
Aizul is engulfed in spectral mist.
Aizul coils herself and waves her upper body at you.
The bolt of poison hits you!!
You are more poisoned.
* * * LOW HITPOINT WARNING * * *
The eight-headed hydra is engulfed in spectral mist.
The eight-headed hydra bites you.
* * * LOW HITPOINT WARNING * * *
The eight-headed hydra bites you.
* * * LOW HITPOINT WARNING * * *
You block the eight-headed hydra's attack.
The eight-headed hydra completely misses you.
You block the eight-headed hydra's attack. x2
The eight-headed hydra completely misses you.
The eight-headed hydra bites you!
* * * LOW HITPOINT WARNING * * *
You feel better.
You are engulfed in spectral mist.
Aizul coils herself and waves her upper body at you.
The poison arrow hits you!!
You are lethally poisoned!
You die...

♣♣ ♣♣♣♣♣♣♣♣♣ ♣♣..
♣♣♣♣♣...<.♣.♣♣♣♣♣♣..?
.....~~~~.~♣~..♣...♣
♣♣♣♣.♣~~.~~~~~....♣
♣~§?.~~♣~~.~~~~♣
♣~~~~~~♣~~§§.Z.♣
♣..~~.~~~~°Z@§~.♣
$..§~~.~~.~~DS§~.♣
♣~~~§..♣°~..Zt○§.♣
♣.~~~.§~~~♣☼°~~♣.♣
~~~~~........♣
.§~§°°°♣~~~>♣
~.~~~..♣.~.$.
~~..♣..~.~~


You could see Aizul, an eight-headed hydra, a ghost crab, a spectral spriggan
berserker (summoned), a spectral spriggan air mage (summoned) and a spectral
fenstrider witch (summoned).

Vanquished Creatures
  Kirke (Lair:4)
  A frost giant (D:15)
  An orc warlord (Orc:2)
  An eleionoma (Swamp:1)
  A minotaur (Lair:2)
  Josephine (D:11)
  Fannar (Lair:3)
  3 hydras
  Erolcha (D:11)
  A boulder beetle (D:11)
  8 centaur warriors
  An ogre mage (D:14)
  4 two-headed ogres
  A hell hog (Volcano)
  3 death yaks (Lair:2)
  3 tengu warriors
  A skyshark (Lair:5)
  6 lindwurms
  A mana viper (shapeshifter) (D:13)
  3 orc knights
  A deep elf pyromancer (D:14)
  A necromancer (IceCv)
  2 wolf spiders
  16 ugly things
  4 orc sorcerers (Orc:2)
  6 cyclopes
  A salamander (Volcano)
  3 manticores
  3 black mambas
  An ice statue (IceCv)
  Joseph (Lair:1)
  2 rime drakes
  9 cane toads
  9 torpor snails
  2 gargoyles
  Maggie (D:9)
  2 kobold demonologists
  An anaconda simulacrum (IceCv)
  3 efreet
  5 komodo dragons
  5 freezing wraiths (IceCv)
  8 ice devils (IceCv)
  4 trolls
  8 hornets
  A troll (shapeshifter) (D:15)
  4 tyrant leeches
  A bloated husk (Swamp:1)
  12 polar bears
  10 blink frogs
  A raiju (Lair:5)
  9 slime creatures
  3 wyverns
  A vampire (D:12)
  6 wraiths
  40 yaks
  2 fire bats (Volcano)
  2 dire elephant simulacra (IceCv)
  2 steam dragons
  5 hogs (Lair:4)
  10 vampire mosquitoes
  5 basilisks
  A redback simulacrum (D:14)
  6 death yak simulacra (IceCv)
  Grum (D:8)
  4 nagas (Lair:3)
  9 wargs
  5 harpy simulacra (IceCv)
  6 water moccasins
  2 hydra simulacra (IceCv)
  2 acid dragons
  16 hell hounds (Lair:5)
  15 black bears
  32 orc warriors
  2 ice beasts
  3 sky beasts
  48 wolves
  4 boggarts
  18 centaurs
  8 ogres
  A phantom (D:6)
  7 kobold brigands
  Blork the orc (D:6)
  14 bullfrogs
  A gnoll sergeant (D:12)
  3 scorpions (D:5)
  7 cane toad simulacra (IceCv)
  4 wights (D:10)
  2 elephant simulacra (IceCv)
  2 howler monkeys
  A lava snake (D:8)
  7 hounds
  4 jellies
  29 orc priests
  2 gnoll boudas
  Jessica (D:2)
  A sleepcap (D:6)
  6 iguanas
  26 orc wizards
  A hell rat (Sewer)
  4 polar bear simulacra (IceCv)
  2 spriggan simulacra (IceCv)
  A wolf simulacrum (IceCv)
  2 naga simulacra (IceCv)
  2 adders
  17 gnolls
  3 river rats (Sewer)
  A white imp (IceCv)
  2 ufetubi
  2 dart slugs
  99 orcs
  5 ball pythons
  9 bats
  3 endoplasms
  9 giant cockroaches
  8 goblins
  3 hobgoblins (D:1)
  7 quokkas
  3 frilled lizards
  13 kobolds
  8 rats
  A spectral orc (D:7)
761 creatures vanquished.

Vanquished Creatures (others)
  A hornet (Swamp:1)
  2 spriggans (Swamp:1)
  An orc (Orc:2)
  10 fungi
  56 plants
70 creatures vanquished.

Grand Total: 831 creatures vanquished

Notes
Turn   | Place    | Note
-------+----------+-------------------------------------------
     0 | D:1      | BlueFish the Octopode Fighter began the quest for the Orb.
     0 | D:1      | Reached XP level 1. HP: 16/16 MP: 1/1
   129 | D:1      | Reached skill level 1 in Stealth
   207 | D:1      | Reached XP level 2. HP: 19/21 MP: 2/2
   300 | D:1      | Found a faded altar of an unknown god.
   550 | D:1      | Reached skill level 2 in Stealth
   793 | D:2      | Reached XP level 3. HP: 26/26 MP: 3/3
  1009 | D:2      | Noticed Jessica
  1014 | D:2      | Killed Jessica
  1015 | D:2      | Reached skill level 1 in Throwing
  1015 | D:2      | Reached XP level 4. HP: 31/31 MP: 4/4
  1323 | D:2      | Identified the +2 leather armour of Ecror {Int+2}
  1737 | D:3      | Found a glowing drain.
  1764 | D:3      | Reached skill level 3 in Stealth
  1782 | Sewer    | Entered a sewer
  1944 | Sewer    | Reached XP level 5. HP: 36/36 MP: 5/5
  2693 | D:4      | Reached skill level 4 in Stealth
  2696 | D:4      | Noticed a black bear
  2707 | D:4      | Killed a black bear
  2708 | D:4      | Reached XP level 6. HP: 40/43 MP: 6/6
  2718 | D:4      | Noticed a black bear
  2727 | D:4      | Found a bloodstained altar of Trog.
  2733 | D:4      | Killed a black bear
  2734 | D:4      | Reached skill level 5 in Stealth
  2794 | D:4      | Found a staircase to the Ecumenical Temple.
  2818 | Temple   | Entered the Ecumenical Temple
  2949 | D:4      | Reached XP level 7. HP: 43/47 MP: 7/7
  3148 | D:4      | Found a snail-covered altar of Cheibriados.
  3159 | D:4      | Became a worshipper of Cheibriados the Contemplative
  3536 | D:5      | Entered Level 5 of the Dungeon
  3536 | D:5      | Found an ornate altar of the Wu Jian Council.
  3939 | D:5      | Reached skill level 6 in Stealth
  3939 | D:5      | Reached skill level 1 in Invocations
  3939 | D:5      | Reached skill level 1 in Evocations
  4107 | D:5      | Reached XP level 8. HP: 54/54 MP: 9/9
  4522 | D:6      | Noticed Blork the orc
  4530 | D:6      | Killed Blork the orc
  4552 | D:6      | Identified the +0 helmet of the Stone Wall {*Slow rF-
                  | Dex+7}
  4609 | D:6      | Reached * piety under Cheibriados
  4729 | D:6      | Reached skill level 7 in Stealth
  4738 | D:6      | HP: 1/54 [something/ball of steam (7)]
  5129 | D:6      | Reached XP level 9. HP: 60/60 MP: 10/10
  5155 | D:6      | Found a hazy altar of Hepliaklqana.
  5286 | D:7      | Identified 2 scrolls of acquirement
  5286 | D:7      | Acquired the amulet of Vaogg {RegenMP Will+ Str+2}
  5299 | D:7      | Acquired the ring "Herubol" {EV+5 Stlth+}
  5343 | D:7      | Reached skill level 8 in Stealth
  5415 | D:7      | Reached skill level 5 in Dodging
  5421 | D:7      | Reached skill level 5 in Fighting
  5430 | D:7      | Found a broken altar of Ashenzari.
  5603 | D:7      | Reached skill level 5 in Shields
  5606 | D:7      | Reached ** piety under Cheibriados
  5899 | D:7      | Found a sacrificial altar of Ru.
  5917 | D:7      | Acquired the +3 crown of Dyrovepreva {rElec Int+2 SInv}
  5917 | D:7      | Found the +3 crown of Dyrovepreva {rElec Int+2 SInv}
  6016 | D:7      | Found a basalt altar of Yredelemnul.
  6424 | D:8      | Found a runed translucent gate.
  6424 | D:8      | Found a runed translucent gate.
  6425 | D:8      | Found a runed translucent gate.
  6425 | D:8      | Noticed Darkkill's ghost (novice MiHu)
  6425 | D:8      | Noticed a nine-headed hydra
  6518 | D:8      | Noticed Grum
  6539 | D:8      | Killed Grum
  6540 | D:8      | Reached skill level 9 in Stealth
  6547 | D:8      | Reached skill level 5 in Maces & Flails
  6624 | D:8      | Reached *** piety under Cheibriados
  6627 | D:8      | Reached XP level 10. HP: 59/66 MP: 12/12
  7119 | D:9      | Learned a level 4 spell: Olgreb's Toxic Radiance
  7123 | D:9      | Learned a level 3 spell: Ignite Poison
  7339 | D:9      | Noticed Maggie
  7398 | D:9      | Noticed a two-headed ogre
  7442 | D:9      | Killed a two-headed ogre
  7443 | D:9      | Reached skill level 1 in Poison Magic
  7529 | D:9      | Reached skill level 10 in Stealth
  7529 | D:9      | Reached skill level 1 in Transmutations
  7689 | D:9      | Reached skill level 1 in Fire Magic
  7878 | D:9      | Reached skill level 1 in Spellcasting
  8014 | D:9      | Reached **** piety under Cheibriados
  8238 | D:9      | Killed Maggie
  8239 | D:9      | Reached skill level 5 in Throwing
  8263 | D:10     | Entered Level 10 of the Dungeon
  8263 | D:10     | Noticed a kobold demonologist
  8266 | D:10     | Noticed a rust devil
  8269 | D:9      | Killed a kobold demonologist
  8401 | D:10     | Found Yshriek's Weapon Shop.
  8761 | D:10     | Reached XP level 11. HP: 67/72 MP: 14/14
  8827 | D:10     | Found a shimmering blue altar of Sif Muna.
  8836 | D:10     | Found an ancient bone altar of Kikubaaqudgha.
  8845 | D:10     | Found a radiant altar of Vehumet.
  9321 | D:10     | Reached skill level 5 in Evocations
  9370 | D:10     | Identified the +9 trident of Ymeddid {flame, Int+5}
  9544 | D:11     | Noticed Erolcha
  9596 | D:10     | Reached ***** piety under Cheibriados
  9639 | D:11     | Noticed a manticore
  9648 | D:11     | Killed a manticore
  9649 | D:11     | Reached skill level 11 in Stealth
  9681 | D:11     | Noticed a two-headed ogre
  9691 | D:11     | Found a staircase to the Orcish Mines.
  9755 | D:11     | Found Hizul's Jewellery Emporium.
  9755 | D:11     | Noticed a centaur warrior
  9759 | D:11     | Noticed a two-headed ogre
  9770 | Orc:1    | Entered Level 1 of the Orcish Mines
 10012 | Orc:1    | Noticed an orc knight
 10040 | D:11     | Noticed Josephine
 10047 | D:11     | Noticed a boulder beetle
 10051 | D:11     | Killed Erolcha
 10052 | D:11     | Reached skill level 5 in Invocations
 10055 | D:11     | Killed a boulder beetle
 10314 | D:11     | Killed a centaur warrior
 10315 | D:11     | Reached skill level 5 in Poison Magic
 10326 | D:11     | Killed a two-headed ogre
 10358 | D:11     | Killed a two-headed ogre
 10396 | D:11     | Bought a +4 ring of protection for 612 gold pieces
 10414 | D:11     | Killed Josephine
 10482 | D:11     | Reached XP level 12. HP: 80/80 MP: 16/16
 10555 | D:11     | Found a staircase to the Lair.
 10769 | Lair:1   | Entered Level 1 of the Lair of Beasts
 10834 | Lair:1   | Found a bloodstained altar of Trog.
 10846 | Lair:1   | Reached skill level 12 in Stealth
 11013 | Lair:1   | Noticed a catoblepas
 11306 | Lair:1   | Noticed Joseph
 11315 | Lair:1   | Killed Joseph
 11735 | Lair:2   | Found a staircase to the Swamp.
 11923 | Lair:2   | Reached skill level 13 in Stealth
 11923 | Lair:2   | Reached XP level 13. HP: 86/86 MP: 18/18
 11924 | Lair:2   | Reached skill level 5 in Transmutations
 11924 | Lair:2   | Reached XP level 14. HP: 93/93 MP: 18/20
 11956 | Lair:2   | Found a runed translucent door.
 12484 | Lair:2   | Reached ****** piety under Cheibriados
 12920 | Lair:2   | You are sucked into a shaft and drop 1 floor!
 13017 | Lair:3   | Noticed Nessos
 13141 | Lair:3   | Found a staircase to the Snake Pit.
 13157 | Lair:3   | Reached skill level 14 in Stealth
 13868 | Lair:3   | Noticed Fannar
 14050 | Lair:3   | Killed Fannar
 14427 | Lair:4   | Reached XP level 15. HP: 76/99 MP: 21/21
 14606 | Lair:4   | Found a dark tunnel.
 14611 | Volcano  | Entered a volcano
 15348 | Lair:4   | Noticed Kirke
 15353 | Lair:4   | Noticed a sphinx
 15362 | Lair:4   | Killed Kirke
 15816 | Lair:4   | Learned a level 2 spell: Lesser Beckoning
 15820 | Lair:4   | Learned a level 3 spell: Teleport Other
 15824 | Lair:4   | Learned a level 3 spell: Ozocubu's Armour
 15887 | Lair:4   | Found a staircase to the Slime Pits.
 16010 | Lair:4   | Identified the +1 swamp dragon scales of Issoful {rElec
                  | rPois rC+ Dex-5 Stlth+}
 16015 | Lair:4   | Identified the +5 scimitar "Jeanwaus" {flame, *Corrode
                  | rPois Int+10 Dex-4}
 16020 | Lair:4   | Identified the staff of conjuration "Pufoab" {Contam rPois
                  | rCorr Str+6}
 16377 | Lair:5   | Entered Level 5 of the Lair of Beasts
 16499 | Lair:5   | Reached skill level 1 in Translocations
 16499 | Lair:5   | Reached skill level 1 in Ice Magic
 16607 | Lair:5   | Reached skill level 10 in Poison Magic
 16714 | Lair:5   | Reached skill level 15 in Stealth
 17570 | Lair:5   | Identified the +9 flail of the Whelk {venom, Will+}
 18046 | Lair:5   | Found a runed translucent door.
 18691 | Orc:2    | Entered Level 2 of the Orcish Mines
 18896 | Orc:2    | Found Zogelac's Magic Scroll Shoppe.
 18946 | Orc:2    | Bought a scroll of acquirement for 676 gold pieces
 18946 | Orc:2    | Bought a scroll of teleportation for 39 gold pieces
 18946 | Orc:2    | Acquired 671 gold pieces
 19031 | Orc:2    | Found Veboipn's Magic Scroll Shop.
 19055 | Orc:2    | Bought a scroll of fear for 68 gold pieces
 19251 | Orc:2    | Found a staircase to the Elven Halls.
 19315 | Orc:2    | Noticed an orc warlord
 19320 | Orc:2    | Reached XP level 16. HP: 106/106 MP: 11/22
 19326 | Orc:2    | Found Kuetam's Antique Weapon Shoppe.
 19328 | Orc:2    | Found Het Zym's Antique Armour Emporium.
 20156 | D:12     | Found Ysaodd's Assorted Antiques.
 20185 | D:12     | Bought a scroll of teleportation for 78 gold pieces
 20185 | D:12     | Bought a smoky orange potion for 23 gold pieces
 20229 | D:12     | Found a frozen archway.
 20238 | IceCv    | Entered an ice cave
 20495 | IceCv    | Identified the +4 chain mail of the Arcane {Harm *Slow
                  | Int+2}
 20512 | IceCv    | Found an ancient bone altar of Kikubaaqudgha.
 20860 | IceCv    | Reached skill level 16 in Stealth
 21992 | D:13     | Found Meurho's Assorted Antiques.
 22001 | D:13     | Bought a wand of quicksilver (4) for 369 gold pieces
 22001 | D:13     | Bought a potion of might for 88 gold pieces
 22001 | D:13     | Bought a potion of heal wounds for 110 gold pieces
 22680 | D:14     | Found a gate to the Vaults.
 22751 | D:14     | Reached skill level 5 in Translocations
 23183 | D:14     | Found Xacval's Armour Emporium.
 23782 | D:15     | Entered Level 15 of the Dungeon
 23782 | D:15     | Found an opulent altar of Gozag.
 23893 | D:15     | Found a staircase to the Depths.
 24560 | D:15     | Reached skill level 5 in Ice Magic
 24598 | D:15     | Reached XP level 17. HP: 113/113 MP: 23/23
 24945 | D:15     | Found a runed translucent door.
 24945 | D:15     | Noticed Nol Upoh's ghost (journeyman GrFi)
 25266 | Swamp:1  | Entered Level 1 of the Swamp
 25289 | Swamp:1  | Noticed Aizul
 25300 | Swamp:1  | HP: 4/113 [eight-headed hydra (11)]
 25301 | Swamp:1  | Killed from afar by Aizul

Illustrated notes

Levels and vault maps discovered:
D:1:      dpeg_arrival_more_subterranean_lakeside_camping, layout_loops_ring,
          chequers_ecumenical_altar_simple
D:2:      mumra_celtic_spiral_tile, layout_basic, uniq_jessica
D:3:      layout_loops_ring, gup_sewer_entry_glass, chequers_garden
D:4:      layout_basic, trog_butcher_becter, kennysheep_slug_shrine,
          minmay_temple_entry_drinking_statues, serial_bayou_pond_d
D:5:      layout_basic, mainiacjoe_overflow_cross_hatched,
          kennysheep_generic_room_6
D:6:      layout_basic, lemuel_doored_altar, uniq_blork_the_orc
D:7:      layout_rooms, mainiacjoe_overflow_small_starburst,
          yredelemnul_forgotten_temple_becter, mainiacjoe_overflow_paths,
          serial_corexii_hall, chequers_hall_statues_y, corexii_hall_statues_i,
          corexii_hall_statues_t, corexii_hall_statues_u, dreamdust_gnoll_farm
D:8:      layout_basic, gammafunk_ghost_hydra_chop, kennysheep_boxes, uniq_grum
D:9:      layout_basic, uniq_maggie
D:10:     layout_stronghold, palyth_temple_overflow_mages, serial_shops,
          nicolae_shop_tiny_glass
D:11:     layout_rooms, erik_lair_orcish_takeover, erik_orc_4, serial_shops,
          nicolae_diamond_shop, uniq_josephine, uniq_erolcha
D:12:     layout_rooms, portal_ice_cave_entry_pillars_2, serial_shops, shop,
          kennysheep_generic_room_14
D:13:     kennysheep_big_flooded_room, layout_gridville, serial_shops,
          nicolae_shop_overgrown_old_shop
D:14:     layout_stronghold, hangedman_vaults_entry_quadrant_bands,
          minmay_misc_feat_nine_boxes, serial_shops,
          nicolae_shop_tiny_waterfront
D:15:     grunt_enter_depths_snipers, layout_grid_maze,
          ebering_ghost_inner_flame, nicolae_gozag_seed_capital
Temple:   nicolae_temple_x_marks_the_god
Lair:1:   layout_big_grid, basic_altar, nicolae_lair_run_with_the_wolves,
          uniq_joseph
Lair:2:   dreamdust_labyrinth, layout_small_grid, swamp_mist
Lair:3:   layout_gridlike, minmay_snake_entry_guardpost_small, serial_forest,
          infiniplex_forest_clump_large, infiniplex_forest_zigzag_1,
          infiniplex_forest_clump_medium, infiniplex_forest_end_3,
          infiniplex_forest_lined_ring, infiniplex_forest_lined_2,
          infiniplex_forest_3_way, infiniplex_forest_lined_2,
          lemuel_old_faithful, uniq_nessos, uniq_fannar
Lair:4:   layout_regular_city, minmay_slime_entry_pillars, enter_volcano_4,
          minmay_lindwurm_lava, uniq_kirke
Lair:5:   wormcave, layout_hall_layers, hangedman_lair_caniforms_friends
Swamp:1:  layout_falls_marsh, evilmike_swamp_ruin_house_1,
          hangedman_swamp_grove, uniq_aizul, uniq_roxanne, uniq_mlioglotl
Orc:1:    layout_diamond_mine, lightli_church_of_beogh, uniq_erica
Orc:2:    grunt_orc_community_town_hall, layout_caves,
          grunt_orc_community_big_house_1, grunt_orc_community_big_house_2,
          grunt_orc_community_house_1, grunt_orc_community_house_2,
          grunt_orc_community_house_1, grunt_orc_community_house_3,
          grunt_orc_community_house_2

Skill      XL: |  1  2  3  4  5  6  7  8  9 10 11 12 13 14 15 16 |
---------------+-------------------------------------------------+-----
Stealth        | 1 2 3 4 5 6 7 9 10 11 13 14 15 16 | 16.5
Throwing       | 1 2 3 4 5 6 7 8 |  8.6
Maces & Flails | 3 4 5 6 7 8 9 |  9.1
Fighting       | 4 5 6 7 8 9 |  9.4
Dodging        | 4 5 6 7 8 9 |  9.2
Shields        | 4 5 6 7 8 9 |  9.4
Invocations    | 1 2 3 4 5 6 7 8 9 |  9.0
Evocations     | 1 2 3 4 5 6 7 8 9 |  9.1
Poison Magic   | 3 5 7 8 9 10 11 | 11.6
Transmutations | 2 3 4 5 |  5.0
Fire Magic     | 2 3 4 |  4.7
Spellcasting   | 1 2 3 4 |  4.2
Translocations | 3 5 |  5.9
Ice Magic      | 3 5 |  5.0

Action                     |  1- 3 |  4- 6 |  7- 9 | 10-12 | 13-15 | 16-18 || total
---------------------------+-------+-------+-------+-------+-------+-------++-------
  Melee: Flail             |    47 |     6 |       |       |    99 |   419 ||   571
         Constrict         |    12 |    23 |    55 |    78 |    71 |    64 ||   303
         Tentacles         |     5 |    20 |    81 |   124 |   158 |   138 ||   526
         Punch             |     2 |     1 |     5 |     6 |    11 |     8 ||    33
         Whip              |       |    89 |   293 |   432 |   388 |       ||  1202
  Throw: Stone             |       |     1 |     4 |    18 |     6 |     8 ||    37
         Dart              |       |     6 |     6 |    16 |     3 |     2 ||    33
         Boomerang         |       |       |       |     3 |       |       ||     3
   Cast: Olgreb's Toxic Ra |       |       |       |     5 |    89 |    43 ||   137
         Ignite Poison     |       |       |       |       |    13 |     8 ||    21
         Ozocubu's Armour  |       |       |       |       |       |     2 ||     2
         Lesser Beckoning  |       |       |       |       |       |     3 ||     3
 Invoke: Temporal Distorti |       |       |       |     3 |     1 |       ||     4
  Evoke: Wand              |       |     1 |     7 |     1 |       |    13 ||    22
    Use: Scroll            |       |       |    17 |     8 |    12 |     1 ||    38
         Potion            |       |       |     1 |     2 |     5 |     5 ||    13
   Stab: Sleeping          |    13 |    11 |    12 |    11 |    11 |    26 ||    84
         Distracted        |       |       |     5 |     4 |       |       ||     9
         Paralysed         |       |       |       |       |       |     1 ||     1
 Armour: Skin              |     4 |    13 |    70 |    59 |    64 |    51 ||   261
  Dodge: Dodged            |    19 |    51 |   182 |   280 |   388 |   259 ||  1179
  Block: Buckler           |     8 |    10 |    75 |   157 |   296 |    49 ||   595
         Reflection        |       |       |       |       |     4 |    22 ||    26
         Kite shield       |       |       |       |       |       |   267 ||   267

Table legend: (Time is in decaauts)
 A = Elapsed time spent in this place.
 B = Non-inter-level travel time spent in this place.
 C = Inter-level travel time spent in this place.
 D = Time resting spent in this place.
 E = Time spent auto-exploring this place.
 F = Levels seen in this place.
 G = Mean time per level.
                   A        B        C        D        E       F      G
               +--------+--------+--------+--------+--------+-----+--------+
         Total |  36278 |  34363 |   1915 |   1770 |  24333 |  27 | 1343.6 |
       Dungeon |  20234 |  19143 |   1091 |    386 |  14155 |  15 | 1348.9 |
        Temple |     84 |     84 |      0 |      0 |     46 |   1 |   84.0 |
          Lair |  10806 |  10113 |    693 |    190 |   8034 |   5 | 2161.2 |
         Swamp |     43 |     43 |      0 |      0 |      0 |   1 |   43.0 |
  Orcish Mines |   2473 |   2343 |    130 |    203 |   1677 |   2 | 1236.5 |
         Sewer |    184 |    184 |      0 |     91 |     11 |   1 |  184.0 |
      Ice Cave |   1526 |   1526 |      0 |    442 |    356 |   1 | 1526.0 |
       Volcano |    924 |    924 |      0 |    458 |     54 |   1 |  924.0 |
               +--------+--------+--------+--------+--------+-----+--------+

Top non-repeatable levels by time:
  Lair:2: 2939 daAuts
  Lair:5: 2745 daAuts
    D:14: 2471 daAuts
    D:15: 2378 daAuts
    D:10: 2075 daAuts
  Lair:4: 1986 daAuts
   Orc:2: 1955 daAuts
  Lair:3: 1724 daAuts
     D:9: 1688 daAuts
   IceCv: 1526 daAuts
  Lair:1: 1411 daAuts
    D:11: 1376 daAuts
    D:13: 1340 daAuts
     D:7: 1204 daAuts
     D:8: 1200 daAuts
